 Dungeon Crawl Stone Soup version 0.27-a0-1189-gb8eb6cee8e (webtiles) character file.

Game seed: 7109197228339306840

361 bjtr the Chiller (level 6, 0/34 HPs)
             Began as a Gargoyle Ice Elementalist on May 22, 2021.
             Slain by a sky beast (2 damage)
             ... on level 4 of the Dungeon.
             The game lasted 00:20:43 (3467 turns).

bjtr the Chiller (Gargoyle Ice Elementalist)        Turns: 3467, Time: 00:20:43

Health: 0/34       AC:  9    Str: 12    XL:     6   Next: 66%
Magic:  5/11       EV: 11    Int: 17    God:
Gold:   150        SH:  0    Dex: 10    Spells: 9/12 levels left

rFire    . . .     SeeInvis .   g - +0 scimitar
rCold    . . .     Faith    .   (no shield)
rNeg     + . .     Spirit   .   h - +0 leather armour
rPois    ∞         Reflect  .   f - +0 helmet
rElec    +         Harm     .   (no cloak)
rCorr    +         Rampage  .   (no gloves)
Will     .....                  d - +0 pair of boots
Stlth    ++........             (no amulet)
HPRegen  0.11/turn              c - ring of resist corrosion
MPRegen  0.12/turn              (no ring)

@: no status effects
A: sickness immunity, AC +4, negative energy resistance 1, electricity
resistance, torment resistance 1, petrification resistance
a: no special abilities


You were on level 4 of the Dungeon.
You visited 1 branch of the dungeon, and saw 3 of its levels.
You also visited: Sewer.

You collected 150 gold pieces.

Inventory:

Hand Weapons
 b - a +0 dagger
 e - a +0 short sword
 g - a +0 scimitar (weapon)
Armour
 a - a +0 robe
 d - a +0 pair of boots (worn)
 f - a +0 helmet (worn)
 h - a +0 leather armour (worn)
Jewellery
 c - a ring of resist corrosion (left hand)


   Skills:
 + Level 1.1 Fighting
 + Level 2.3 Armour
 + Level 1.9 Dodging
 + Level 2.5 Stealth
 * Level 3.7 Spellcasting
 * Level 2.5 Conjurations
 + Level 5.3 Ice Magic


You had 9 spell levels left.
You knew the following spells:

 Your Spells              Type           Power      Damage    Failure   Level
a - Freeze                Ice            84%        1d10      2%          1
b - Ensorcelled Hibernat  Hex/Ice        24%        N/A       11%         2

Your spell library contained the following spells:

 Spells                   Type           Power      Damage    Failure   Level
 Frozen Ramparts          Ice            42%        1d6       7%          3
 Ozocubu's Armour         Ice            21%        N/A       7%          3
 Corona                   Hex            3%         N/A       21%         1
 Dazzling Flash           Conj/Hex       14%        N/A       36%         3
 Hailstorm                Conj/Ice       16%        3d6       38%         4
 Confusing Touch          Hex            3%         N/A       52%         3
 Tukima's Dance           Hex            3%         N/A       52%         3
 Metabolic Englaciation   Hex/Ice        6%         N/A       88%         5


Dungeon Overview and Level Annotations

Branches:
Dungeon (4/15)              Sewer (visited)
 Temple: D:4-7

Altars:

Annotations:
D:2 Terence


Innate Abilities, Weirdness & Mutations

You are immune to sickness and miasma.
Your stone body is resilient. (AC +4)
You are immune to poison.
You resist negative energy. (rN+)
You are resistant to electric shocks. (rElec)
You are resistant to unholy torment.
You are immune to petrification.


Message History

The ogre hits you with a +0 giant club!
* * * LOW HITPOINT WARNING * * *
There is an open door here.
The bullfrog misses you. The bullfrog hits you.
* * * LOW HITPOINT WARNING * * *
The bullfrog hits you.
* * * LOW HITPOINT WARNING * * *
Casting: Freeze (safe; 2% risk of failure)
Confirm with . or Enter, or press ? or * to list all spells.
Aiming: Ensorcelled Hibernation (safe; 11% risk of failure)
Press: ? - help, Shift-Dir - straight line, f - bullfrog
Aim: a bullfrog (chance to affect: 43%)
The bullfrog looks drowsy...
Casting: Ensorcelled Hibernation (safe; 11% risk of failure)
Confirm with . or Enter, or press ? or * to list all spells.
Aiming: Ensorcelled Hibernation (safe; 11% risk of failure)
Press: ? - help, Shift-Dir - straight line, f - sky beast, p - bullfrog
Aim: a sky beast (chance to affect: 43%)
The sky beast resists with some effort.
Casting: Ensorcelled Hibernation (safe; 11% risk of failure)
Confirm with . or Enter, or press ? or * to list all spells.
Aiming: Ensorcelled Hibernation (safe; 11% risk of failure)
Press: ? - help, Shift-Dir - straight line, f/p - sky beast
Aim: a sky beast (chance to affect: 43%)
The sky beast resists with some effort.
The bullfrog croaks.
The sky beast flickers out of sight!
Deactivating autopickup; reactivate with Ctrl-A.
The bullfrog closely misses you.
You aren't carrying any scrolls.
You aren't carrying any potions.
You aren't carrying any items that you can evoke.
Unknown command.
Unknown command.
Unknown command.
Something hits you.
* * * LOW HITPOINT WARNING * * *
Something shocks you. You resist.
You die...

........#....#######
#####.###....#≈≈≈≈≈#
#.....###...#≈†.≈≈# .
#.....# #...#†≈≈≈≈# ..
#.....###>..'≈≈≈≈≈# ...
#.......)...#######....
#.....#####............
#.....# #.#O###.......
#..... ...#.F.@.......
#.....#.##.#######.####
#.....# .. #..... .(
#..... #..


You could see an ogre and a bullfrog.

Vanquished Creatures
  A bullfrog (Sewer)
  A water moccasin skeleton (D:4)
  A howler monkey (D:4)
  A centaur skeleton (D:4)
  A howler monkey zombie (D:4)
  4 adders
  A river rat (D:4)
  2 worms (D:2)
  3 dart slugs
  2 orcs (D:4)
  14 ball pythons
  2 bats (D:1)
  12 endoplasms
  12 giant cockroaches
  5 goblins
  3 hobgoblins
  4 jackals (D:1)
  A kobold (D:1)
  14 quokkas
  19 frilled lizards
  4 rats
107 creatures vanquished.

Notes
Turn   | Place    | Note
-------+----------+-------------------------------------------
     0 | D:1      | bjtr the Gargoyle Ice Elementalist began the quest for the
                  | Orb.
     0 | D:1      | Reached XP level 1. HP: 10/10 MP: 3/3
   275 | D:1      | Reached XP level 2. HP: 10/15 MP: 3/5
   280 | D:1      | Learned a level 2 spell: Ensorcelled Hibernation
   652 | D:1      | Reached XP level 3. HP: 14/19 MP: 1/6
  1670 | D:2      | Reached XP level 4. HP: 21/24 MP: 0/8
  1812 | D:2      | Noticed Terence
  1815 | D:2      | You fall into a shaft and drop 2 floors!
  1861 | D:4      | Reached skill level 1 in Armour
  1877 | D:4      | Noticed an ogre
  2079 | D:4      | Found a glowing drain.
  2100 | D:4      | Reached skill level 1 in Conjurations
  2248 | Sewer    | Entered a sewer
  2334 | Sewer    | Reached XP level 5. HP: 28/28 MP: 9/9
  2639 | Sewer    | Reached skill level 5 in Ice Magic
  3092 | Sewer    | Reached XP level 6. HP: 19/33 MP: 4/11
  3105 | Sewer    | Reached skill level 1 in Fighting
  3377 | D:4      | Noticed a sky beast
  3467 | D:4      | Slain by a sky beast

Illustrated notes

Levels and vault maps discovered:
D:1:      dpeg_arrival_pond, layout_rooms, corexii_corridor_pit,
          minmay_misc_feat_more_columns, minivault_19
D:2:      layout_basic, minmay_circle_x, uniq_terence, uniq_natasha,
          uniq_jessica
D:4:      layout_basic, portal_sewer_entry_c

Skill      XL: |  1  2  3  4  5  6 |
---------------+-------------------+-----
Armour         | 1 2 |  2.3
Conjurations   | 1 2 |  2.5
Spellcasting   | 3 |  3.7
Ice Magic      | 5 |  5.3
Fighting       | 1 |  1.1
Dodging        | |  1.9
Stealth        | |  2.5

Action                   |  1- 3 |  4- 6 || total
-------------------------+-------+-------++-------
Melee: Dagger            |    15 |       ||    15
       Short sword       |    22 |       ||    22
       Scimitar          |     1 |   187 ||   188
 Cast: Freeze            |    38 |    47 ||    85
       Ensorcelled Hiber |    11 |     6 ||    17
  Use: Scroll            |       |     3 ||     3
 Stab: Sleeping          |     8 |     3 ||    11
Armor: Robe              |    27 |     3 ||    30
       Leather armour    |       |   135 ||   135
Dodge: Dodged            |    36 |   172 ||   208
       Rpst.: Scimitar   |       |    48 ||    48

Table legend: (Time is in decaauts)
 A = Elapsed time spent in this place.
 B = Non-inter-level travel time spent in this place.
 C = Inter-level travel time spent in this place.
 D = Time resting spent in this place.
 E = Time spent auto-exploring this place.
 F = Levels seen in this place.
 G = Mean time per level.
                   A        B        C        D        E       F      G
               +--------+--------+--------+--------+--------+-----+--------+
         Total |   3612 |   3604 |      8 |   1126 |   1518 |   4 |  903.0 |
       Dungeon |   2385 |   2377 |      8 |    510 |   1309 |   3 |  795.0 |
         Sewer |   1227 |   1227 |      0 |    616 |    209 |   1 | 1227.0 |
               +--------+--------+--------+--------+--------+-----+--------+

Top non-repeatable levels by time:
   Sewer: 1227 daAuts
     D:1: 1142 daAuts
     D:2: 673 daAuts
     D:4: 569 daAuts
